 Dungeon Crawl Stone Soup version 0.22.1-2-g9c5b331 (webtiles) character file.

5503 teukkam the Fighter (level 10, -6/141 HPs)
             Began as a Minotaur Berserker on Nov 13, 2018.
             Was a High Priest of Trog.
             Mangled by a gargoyle
             ... wielding a +0 morningstar
              (18 damage)
             ... on level 9 of the Dungeon on Nov 15, 2018.
             The game lasted 00:40:49 (7798 turns).

teukkam the Fighter (Minotaur Berserker)            Turns: 7798, Time: 00:40:49

Health: -6/141     AC: 25    Str: 30    XL:     10   Next: 42%
Magic:  9/9        EV:  2    Int:  9    God:    Trog [*****.]
Gold:   352        SH:  3    Dex: 15    Spells: 9/9 levels left

rFire    . . .     SeeInvis .   a - +5 long sword of Eternity {slice, rC+}
rCold    + . .     Gourm    .   (no shield)
rNeg     + + +     Faith    .   (armour currently unavailable)
rPois    +         Spirit   .   (helmet currently unavailable)
rElec    .         Reflect  +   (cloak currently unavailable)
rCorr    .         Harm     .   (gloves currently unavailable)
MR       .....     NoTele   +   (boots currently unavailable)
Stlth    ++........             R - +3 amulet of reflection
HPRegen  0.33/turn              E - ring of positive energy
MPRegen  0.11/turn              (no ring)

@: mighty, brilliant, agile, tree-form, berserk cooldown, slowed, very slow
A: (retaliatory headbutt)
a: Berserk, Trog's Hand, Brothers in Arms, Renounce Religion


You were on level 9 of the Dungeon.
You worshipped Trog.
Trog was extremely pleased with you.
You were hungry.
You were a tree.
You visited 1 branch of the dungeon, and saw 9 of its levels.

You collected 352 gold pieces.

Inventory:

Hand Weapons
 a - the +5 long sword of Eternity (weapon) {slice, rC+}
   (You found it on level 4 of the Dungeon)

   It inflicts extra damage upon your enemies.
   It protects you from cold.
 b - a +0 shortbow
 c - a +3 dire flail of holy wrath
 k - a +0 hunting sling
 z - a +2 dagger of electrocution
 H - a +0 war axe of chopping
 O - a +0 whip
Missiles
 d - 190 bolts
 g - 43 poisoned needles
 i - 352 stones (quivered)
 p - 207 arrows
 r - 47 sling bullets
 A - 2 throwing nets
 M - 5 needles of sleeping
 T - 3 tomahawks of returning
 X - 3 curare-tipped needles
Armour
 v - a +0 chain mail (melded)
Magical Staves
 y - an uncursed staff of cold
Jewellery
 x - an uncursed ring of fire
 E - a ring of positive energy (left branch)
 I - an uncursed ring of ice
 N - an uncursed amulet of guardian spirit
 R - a +3 amulet of reflection (around neck)
 S - an uncursed amulet of the gourmand
Wands
 P - a wand of flame (10)
 Y - a wand of disintegration (16)
 Z - a wand of random effects (15)
Scrolls
 f - 8 scrolls of identify
 j - a scroll of remove curse
 l - a scroll of enchant weapon {unknown}
 m - 5 scrolls of teleportation
 w - 2 scrolls of fog
 J - 2 scrolls of magic mapping
 L - 2 scrolls of noise {unknown}
 U - a scroll of enchant armour {unknown}
 V - 2 scrolls of immolation {unknown}
 W - 2 scrolls of fear
Potions
 h - 2 potions of cancellation
 n - 2 potions of agility
 o - 2 potions of lignification
 q - a potion of might
 s - 2 potions of berserk rage {unknown}
 t - 2 potions of curing
 u - 2 potions of brilliance
 B - 2 potions of degeneration {unknown}
 C - a potion of flight {unknown}
 D - 3 potions of heal wounds {unknown}
 G - a potion of ambrosia {unknown}
 K - a potion of magic {unknown}
 Q - a potion of haste {unknown}
Comestibles
 e - 20 rations


   Skills:
 + Level 10.4 Fighting
 + Level 8.8 Long Blades
 - Level 5.5(7.6) Axes
 + Level 8.1(8.9) Maces & Flails
 - Level 3.2 Slings
 + Level 7.7 Bows
 - Level 2.4 Armour
 - Level 2.1 Dodging


You had 9 spell levels left.
You didn't know any spells.
Your spell library was empty.

Dungeon Overview and Level Annotations

Branches:
Dungeon (9/15)             Temple (0/1) D:4
   Lair: D:8-11         Orc: D:9-12

Altars:
Cheibriados
Dithmenos
Elyvilon
Fedhas
Gozag
Okawaru
Ru
Trog
Vehumet
Wu Jian
Zin

Shops:
D:6 =


Innate Abilities, Weirdness & Mutations

((You reflexively headbutt those who attack you in melee.))
((You have a pair of horns on your head.))


Message History

The stone arrow hits you!
* * * LOW HITPOINT WARNING * * *
The gargoyle hurls a stone arrow at you.
The stone arrow hits you!
* * * LOW HITPOINT WARNING * * *
You hit the gargoyle but do no damage.
The gargoyle is lightly damaged.
The gargoyle hits you but does no damage.
It was a potion of brilliance.
You feel clever all of a sudden.
The gargoyle hits you but does no damage.
Okay, then.
It was a potion of might.
You feel very mighty all of a sudden.
The gargoyle hurls a stone arrow at you.
The stone arrow hits you!
The gargoyle hits you but does no damage.
You feel better.
The gargoyle hits you with a morningstar!!
You die...

#.#.... .... .. .......
... ... ....... ..##..#
.......#.......
...............
...............
.........$.....
......9♣......#...
..................
................#.##
...................#
.).................#####
.....................#.#
......<.................
.....#...........#...#..
...............##..


You could see a gargoyle.

Vanquished Creatures
  A centaur warrior (D:9)
  Pikel (D:7)
  An efreet (D:9)
  A hornet (D:8)
  A hippogriff (D:8)
  A spriggan (D:8)
  A hungry ghost (D:8)
  Edmund (D:5)
  A soldier ant (shapeshifter) (D:9)
  A black bear (D:8)
  2 phantoms
  2 sky beasts
  4 ogres
  5 centaurs
  6 bullfrogs
  A water moccasin skeleton (D:5)
  A scorpion (D:6)
  6 killer bees (D:7)
  A wight (D:9)
  4 howler monkeys
  2 bullfrog zombies (D:5)
  4 crimson imps
  2 centaur zombies
  A jelly (D:8)
  2 orc wizards
  2 hounds
  A quasit (D:6)
  3 orc priests (D:8)
  A centaur skeleton (D:4)
  A bullfrog skeleton (D:5)
  Natasha (twice) (D:2)
  4 iguanas
  2 worker ants
  A hound zombie (D:6)
  A hound skeleton (D:4)
  A worker ant zombie (D:6)
  Robin (D:2)
  13 adders
  A shadow imp (D:7)
  An ooze (D:3)
  4 adder skeletons
  A worm (D:2)
  2 dart slugs (D:3)
  An adder simulacrum (D:9)
  4 leopard geckos
  19 orcs
  4 giant cockroaches
  17 goblins
  6 hobgoblins
  17 jackals
  4 quokkas
  2 ball pythons
  6 bats
  7 frilled lizards
  16 kobolds
  A leopard gecko skeleton (D:3)
  2 quokka skeletons
  5 rats
206 creatures vanquished.

Notes
Turn   | Place    | Note
-------+----------+-------------------------------------------
     0 | D:1      | teukkam the Minotaur Berserker began the quest for the Orb.
     0 | D:1      | Reached XP level 1. HP: 19/19 MP: 0/0
   176 | D:1      | Reached skill level 4 in Fighting
   222 | D:1      | Reached XP level 2. HP: 26/27 MP: 1/1
   514 | D:2      | Noticed Natasha
   521 | D:2      | Reached ** piety under Trog
   523 | D:2      | Killed Natasha
   523 | D:2      | Reached XP level 3. HP: 8/34 MP: 2/2
   769 | D:2      | Noticed Robin
   771 | D:3      | Found a blossoming altar of Fedhas.
  1100 | D:2      | Reached XP level 4. HP: 32/41 MP: 3/3
  1324 | D:2      | Noticed Natasha
  1348 | D:2      | Killed Natasha
  1348 | D:2      | Reached skill level 5 in Fighting
  1348 | D:2      | Reached skill level 5 in Axes
  1348 | D:2      | Reached skill level 1 in Slings
  1524 | D:2      | Killed Robin
  1948 | D:2      | Reached XP level 5. HP: 48/48 MP: 4/4
  2441 | D:3      | Reached *** piety under Trog
  2757 | D:4      | Got a crystal long sword
  2758 | D:4      | Identified the +5 long sword of Eternity {slice, rC+} (You
                  | found it on level 4 of the Dungeon)
  2814 | D:4      | Noticed a centaur
  2822 | D:4      | Found an ornate altar of the Wu Jian Council.
  3115 | D:4      | Reached skill level 1 in Long Blades
  3117 | D:4      | Found a staircase to the Ecumenical Temple.
  3184 | D:4      | Reached XP level 6. HP: 56/57 MP: 5/5
  3255 | D:5      | Entered Level 5 of the Dungeon
  3274 | D:5      | Reached skill level 6 in Fighting
  3409 | D:5      | Reached skill level 1 in Bows
  3423 | D:5      | Noticed Edmund
  3434 | D:5      | Killed Edmund
  3434 | D:5      | Reached XP level 7. HP: 46/64 MP: 1/6
  3614 | D:5      | Reached skill level 1 in Maces & Flails
  3636 | D:5      | Reached skill level 7 in Fighting
  4072 | D:4      | Found a radiant altar of Vehumet.
  4188 | D:4      | Reached XP level 8. HP: 73/73 MP: 7/7
  4215 | D:4      | Found an opulent altar of Gozag.
  4216 | D:4      | Found a white marble altar of Elyvilon.
  4218 | D:4      | Found a shadowy altar of Dithmenos.
  4222 | D:4      | Found a sacrificial altar of Ru.
  4745 | D:6      | Found Lom Meha's Jewellery Boutique.
  4891 | D:6      | Reached **** piety under Trog
  4895 | D:6      | Reached skill level 5 in Long Blades
  5113 | D:6      | Reached skill level 8 in Fighting
  5421 | D:7      | Reached skill level 5 in Bows
  5426 | D:7      | Found an iron altar of Okawaru.
  5487 | D:7      | Reached skill level 5 in Maces & Flails
  5489 | D:7      | Reached XP level 9. HP: 55/82 MP: 8/8
  5876 | D:7      | Found a bloodstained altar of Trog.
  6190 | D:7      | Noticed Pikel
  6199 | D:7      | Killed Pikel
  6199 | D:7      | Reached skill level 9 in Fighting
  6283 | D:7      | Reached ***** piety under Trog
  6559 | D:8      | Received a gift from Trog
  7011 | D:8      | Paralysed by a hornet for 2 turns
  7083 | D:8      | Found a snail-covered altar of Cheibriados.
  7403 | D:8      | Reached XP level 10. HP: 93/93 MP: 9/9
  7430 | D:8      | Found a glowing silver altar of Zin.
  7459 | D:8      | Reached skill level 10 in Fighting
  7776 | D:9      | Noticed a centaur warrior
  7778 | D:9      | Noticed a gargoyle
  7790 | D:9      | Killed a centaur warrior
  7791 | D:9      | Noticed a gargoyle
  7794 | D:9      | HP: 4/141 [gargoyle/stone arrow (9)]
  7798 | D:9      | Mangled by a gargoyle

Skill      XL: |  1  2  3  4  5  6  7  8  9 10 |
---------------+-------------------------------+-----
Fighting       | 4 5 6 7 8 9 10 | 10.4
Axes           | 4 5 |  5.5
Slings         | 1 2 3 |  3.2
Long Blades    | 1 3 4 6 8 |  8.8
Bows           | 1 3 5 6 7 |  7.7
Maces & Flails | 2 5 7 8 |  8.1
Armour         | |  2.4
Dodging        | |  2.1

Action                   |  1- 3 |  4- 6 |  7- 9 | 10-12 || total
-------------------------+-------+-------+-------+-------++-------
Melee: Hand axe          |    64 |    60 |       |       ||   124
       Headbutt          |     5 |    17 |    27 |    11 ||    60
       Unarmed           |       |    15 |       |       ||    15
       Long sword        |       |    32 |   148 |    24 ||   204
       Dire flail        |       |       |    29 |     6 ||    35
 Fire: Hunting sling     |    11 |    59 |       |       ||    70
       Shortbow          |       |     8 |   132 |     6 ||   146
Throw: Stone             |       |       |       |     3 ||     3
Invok: Berserk           |     1 |     2 |     5 |     1 ||     9
Evoke: Wand              |       |       |     1 |     3 ||     4
  Use: Scroll            |       |     3 |    13 |     1 ||    17
       Potion            |       |       |     1 |     5 ||     6
  Eat: Chunk             |     1 |     7 |     9 |     2 ||    19
       Ration            |       |     1 |     2 |       ||     3
Armor: Animal skin       |     8 |       |       |       ||     8
       Leather armour    |     2 |    20 |       |       ||    22
       Scale mail        |       |    14 |     4 |       ||    18
       Chain mail        |       |       |    92 |     7 ||    99
       Skin              |       |       |       |     4 ||     4
Dodge: Dodged            |    42 |    65 |   108 |    11 ||   226
Block: Other             |       |       |    26 |     7 ||    33
       Reflection        |       |       |     4 |     1 ||     5
       Rpst.: Long sword |       |     5 |    22 |     1 ||    28
